 Dungeon Crawl Stone Soup version 0.30.1-3-gfc49f6343a (webtiles) character file.

Game seed: 3201496755710935789

39 Zeor the Shooter (level 3, -2/30 HPs)
             Began as a Minotaur Hunter on July 26, 2023.
             Slain by Sigmund
             ... wielding a +0 scythe
              (6 damage)
             ... on level 2 of the Dungeon.
             The game lasted 00:03:22 (915 turns).

Zeor the Shooter (Minotaur Hunter)                   Turns: 915, Time: 00:03:22

Health: -2/30      AC:  5    Str: 15    XL:     3   Next: 26%
Magic:  2/2        EV: 11    Int:  6    God:
Gold:   68         SH:  0    Dex: 15    Spells: 2/2 levels left

rFire   + . .        b - +0 long sword
rCold   + . .        (no shield)
rNeg    . . .        i - +0 ring mail
rPois   +            (helmet restricted)
rElec   +            (no cloak)
rCorr   +            (no gloves)
SInv    .            (no boots)
Will    .....        (no amulet)
Stlth   +            (no ring)
HPRegen 0.25/turn    (no ring)
MPRegen 0.08/turn

%: no passive effects
@: resistant, on berserk cooldown, slowed, very slow
A: horns 2, retaliatory headbutt
a: no special abilities


You were on level 2 of the Dungeon.
You visited 1 branch of the dungeon, and saw 2 of its levels.

You collected 108 gold pieces.
You spent 40 gold pieces at shops.

Inventory:

Hand Weapons
 a - a +1 shortbow
 b - a +0 long sword (weapon)
 m - a +0 long sword
Missiles
 c - 3 poisoned darts
Armour
 i - a +0 ring mail (worn)
Scrolls
 d - a scroll of blinking
 f - a scroll of immolation
 h - a scroll of fear
Potions
 g - a potion of berserk rage


   Skills:
 + Level 2.9 Fighting
 * Level 5.4 Ranged Weapons
 + Level 2.1 Dodging
 + Level 0.7 Stealth


You had 2 spell levels left.
You didn't know any spells.
Your spell library was empty.

Dungeon Overview and Level Annotations

Branches:
Dungeon (2/15)

Altars:

Shops:
D:1 ?

Annotations:
D:2 Sigmund


Innate Abilities, Weirdness & Mutations

You have a pair of horns on your head.
You reflexively headbutt those who attack you in melee.


Message History

You feel yourself moving faster!
You feel mighty!
b - a +0 long sword (weapon)
You feel a strong urge to attack something.
You bump into the rock wall.
An adder comes into view.
Sigmund casts a spell.
Sigmund flickers and vanishes!
Deactivating autopickup; reactivate with Ctrl-A.
You are too berserk!
You bump into the rock wall.
You feel your anger nearly subside.
You are no longer berserk.
You are exhausted.
You feel yourself slow down.
You hear some strange, mumbled words.
You are more confused.
It was a potion of resistance.
You feel protected. Something barely misses you.
It was a potion of curing.
You feel better. Something hits you! Something hits you!
Okay, then.
Okay, then.
You feel better.
You hear some strange, mumbled words.
A puff of flame appears from out of thin air!
The puff of flame misses you.
As you read the scroll labelled BAZIUS WESYUC, it crumbles to dust.
It is a scroll of enchant weapon.
Your +0 shortbow glows red for a moment.
Something hits you!
As you read the scroll labelled PYUDISS ISETA, it crumbles to dust.
It is a scroll of identify.
You don't currently have any unidentified items.
Something hits you.
* * * LOW HITPOINT WARNING * * *
You hit something. Something hits you.
* * * LOW HITPOINT WARNING * * *
Something hits you.
You die...

▒ ▒∙ ▒▒▒∙▒∙▒▒▒
▒∙∙∙∙∙∙∙▒▒▒ ▒∙Sg▒
▒▒▒{▒▒▒▒▒▒ ▒∙∙∙H∙∙∙∙▒
▒∙▒∙▒▒∙∙∙▒
∙∙∙▒∙▒▒∙▒∙▒
▒▒▒▒▒∙▒∙∙∙∙▒
▒∙∙∙∙<∙∙∙∙∙▒▒▒▒▒
▒∙▒▒▒∙▒▒▒∙∙∙∙∙∙▒
▒∙▒∙∙∙∙∙▒∙▒∙∙▒∙▒
▒∙▒∙∙▒▒∙▒∙▒▒∙▒∙▒ ▒
▒∙∙∙∙∙▒∙∙∙▒▒∙▒∙▒▒▒∙∙▒


You could see an adder and a hobgoblin.

Vanquished Creatures
  An adder (D:2)
  2 dart slugs
  4 ball pythons
  3 endoplasms (D:1)
  2 giant cockroaches (D:1)
  2 hobgoblins (D:1)
  A quokka (D:1)
  4 bats
  3 kobolds (D:1)
  3 rats
25 creatures vanquished.

Notes
Turn   | Place    | Note
-------+----------+-------------------------------------------
     0 | D:1      | Zeor the Minotaur Hunter began the quest for the Orb.
     0 | D:1      | Reached XP level 1. HP: 18/18 MP: 0/0
   172 | D:1      | Reached XP level 2. HP: 25/25 MP: 1/1
   193 | D:1      | Reached skill level 5 in Ranged Weapons
   205 | D:1      | Found Xiatayp's Magic Scroll Shoppe.
   209 | D:1      | Bought a scroll of fear for 40 gold pieces
   650 | D:2      | Reached XP level 3. HP: 30/30 MP: 2/2
   850 | D:2      | Found a faded altar of an unknown god.
   900 | D:2      | Noticed Sigmund
   915 | D:2      | Slain by Sigmund

Illustrated notes

Levels and vault maps discovered:
D:1:      eino_arrival_water_cross, layout_basic, serial_shops, shop,
          minmay_pentomino_r4
D:2:      layout_basic, shapermc_ecumenical_altar_acropolis, uniq_sigmund

Skill      XL: |  1  2 |
---------------+-------+-----
Ranged Weapons | 5 |  5.4
Fighting       | |  2.9
Dodging        | |  2.1
Stealth        | |  0.7

Action                     || total
---------------------------++-------
  Melee: Long sword        ||    17
         Headbutt          ||     2
   Fire: Shortbow          ||    47
    Use: Potion            ||     4
         Scroll            ||     3
 Armour: Leather armour    ||     7
         Ring mail         ||     9
  Dodge: Dodged            ||    26
